 Dungeon Crawl Stone Soup version 0.29.0 (webtiles) character file.

Game seed: 10183803219335326630

708 worthlessgem the Soothsayer (level 7, 31/31 HPs)
             Began as a Felid Transmuter on Aug 24, 2022.
             Was a Priest of Nemelex Xobeh.
             Quit the game on level 7 of the Dungeon.
             The game lasted 00:58:58 (11913 turns).

worthlessgem the Soothsayer (Felid Transmuter)     Turns: 11913, Time: 00:58:59

Health: 31/31      AC:  2    Str:  8    XL:     7   Next: 40%
Magic:  12/12      EV: 19    Int: 15    God:    Nemelex Xobeh [***...]
Gold:   532        SH:  0    Dex: 16    Spells: 1/11 levels left
                                        Lives:  0   Deaths: 2

rFire   . . .      SeeInvis +     - Unarmed
rCold   . . .      Faith    .   (shield unavailable)
rNeg    . . .      Spirit   .   (body armour unavailable)
rPois   .          Reflect  .   (helmet unavailable)
rElec   .          Harm     .   (cloak unavailable)
rCorr   +          Rampage  .   (gloves unavailable)
Will    +....                   (boots unavailable)
Stlth   +++.......              u - amulet of the acrobat
HPRegen 0.10/turn               k - ring of wizardry
MPRegen 0.13/turn               A - ring of resist corrosion

@: quick
A: very small, claws 1, fangs 3, see invisible, speed 1, shaggy fur 2, stealthy
paws, no weapons or thrown items, no armour, multi-lived
a: Renounce Religion, Draw Escape, Draw Destruction, Draw Summoning, Triple Draw


You were on level 7 of the Dungeon.
You worshipped Nemelex Xobeh.
Nemelex Xobeh was most pleased with you.
You visited 2 branches of the dungeon, and saw 8 of its levels.

You collected 532 gold pieces.

Inventory:

Jewellery
 k - a ring of wizardry (left paw)
 o - an amulet of magic regeneration
 u - an amulet of the acrobat (around neck)
 v - a ring of protection from cold
 A - a ring of resist corrosion (right paw)
Wands
 q - a wand of digging (6)
 w - a wand of paralysis (8)
 y - a wand of polymorph (5)
Scrolls
 b - a scroll of immolation {unknown}
 c - 3 scrolls of teleportation
 d - a scroll of silence {unknown}
 e - a scroll of poison {unknown}
 f - 7 scrolls of identify {unknown}
 h - a scroll of enchant armour {unknown}
 j - 3 scrolls of blinking {unknown}
 l - 2 scrolls of noise {unknown}
 m - a scroll of vulnerability {unknown}
 r - a scroll of torment {unknown}
 x - a scroll of enchant weapon {unknown}
Potions
 a - 2 potions of lignification
 i - 2 potions of haste
 s - a potion of mutation {unknown}
 t - a potion of attraction
 z - a potion of degeneration {unknown}
 B - a potion of cancellation {unknown}


   Skills:
 + Level 3.8 Fighting
 + Level 5.2 Dodging
 + Level 4.6 Stealth
 - Level 5.6 Unarmed Combat
 - Level 2.5 Spellcasting
 - Level 5.1 Transmutations
 - Level 3.1 Ice Magic
 - Level 2.0 Poison Magic
 - Level 6.0 Invocations


You had one spell level left.
You knew the following spells:

 Your Spells              Type           Power      Damage    Failure   Level
a - Beastly Appendage     Tmut           34%        N/A       1%          1
b - Wereblood             Tmut           17%        N/A       1%          2
c - Spider Form           Tmut/Pois      12%        N/A       6%          3
d - Ice Form              Ice/Tmut       14%        N/A       16%         4

Your spell library contained the following spells:

 Spells                   Type           Power      Damage    Failure   Level
 Sandblast                Erth           2%         2d4       9%          1
 Shock                    Conj/Air       4%         1d3       9%          1
 Slow                     Hex            4%         N/A       9%          1
 Passwall                 Tmut/Erth      7%         N/A       4%          2
 Poisonous Vapours        Pois/Air       8%         N/A       9%          2
 Confusing Touch          Hex            1%         N/A       26%         3
 Stone Arrow              Conj/Erth      2%         3d7       26%         3
 Swiftness                Air            1%         N/A       26%         3
 Vampiric Draining        Necr           1%         2d6       26%         3
 Corpse Rot               Necr/Pois/Air  3%         N/A       52%         4
 Airstrike                Air            0%         2d(1-17)  61%         4


Dungeon Overview and Level Annotations

Branches:
Dungeon (7/15)             Temple (1/1) D:6

Altars:
Ashenzari
Cheibriados
Dithmenos
Elyvilon
Gozag
Hepliaklqana
Kikubaaqudgha
Makhleb
Nemelex Xobeh
Okawaru
Ru
Sif Muna
Trog
Uskayaw
Vehumet
Wu Jian
Xom
Yredelemnul
Zin
The Shining One

Shops:
D:1 =   D:3 (   D:6 **

Annotations:
D:3 exclusion: adder
D:5 2 transporters, Flarelocke's ghost, novice MiFi


Innate Abilities, Weirdness & Mutations

You have sharp claws.
You have razor-sharp teeth.
You have supernaturally acute eyesight. (SInv)
You cover ground quickly. (Speed+)
You are covered in thick fur. (AC +2)
Your paws help you pounce on unaware monsters.
You are incapable of wielding weapons or throwing items.
You cannot wear armour.
You gain extra lives every three experience levels.


Message History

The orc wizard is lightly wounded.
The orc wizard closely misses you.
You bite the orc!
You kill the orc!
The orc wizard completely misses you.
The orc wizard hits you with a +0 dagger.
Items here: )) [ รท.
The orc wizard points at you and mumbles some strange words.
You resist with almost no effort.
You barely miss the orc wizard. The orc wizard casts a spell at you.
The magic dart hits you!
The orc wizard hits you with a +0 dagger.
You hit the orc wizard.
The orc wizard is poisoned.
The orc wizard is lightly wounded.
The orc wizard gestures at you while chanting.
The magic dart hits you. The orc wizard barely misses you.
You hit the orc wizard.
You kill the orc wizard!
The orc wizard barely misses you.
You hit the orc wizard but do no damage.
The orc wizard is heavily wounded.
The orc wizard points at you and mumbles some strange words.
The puff of flame hits you!
You completely miss the orc wizard.
The orc wizard is heavily wounded.
The orc wizard points at you and mumbles some strange words.
The magic dart hits you.
* * * LOW HITPOINT WARNING * * *
You hit the orc wizard.
The orc wizard looks as sick as possible!
The orc wizard is heavily wounded.
The orc wizard points at you and mumbles some strange words.
The puff of flame hits you!
You die...
Your shape twists and changes as you die.
You are now level 7!
Your transformation has ended.
You rejoin the land of the living...
Are you sure you want to abandon this character and quit the game? (Confirm with "yes".)

.... ....
..... .....
## ...... ..
#.....# .#
#......##..#
#.@...#
#..#......
#..# .....
.... ....
.##.# ... ..
### .. .. .
...


There were no monsters in sight!

Vanquished Creatures
  A hornet (D:6)
  2 ice beasts
  A swamp drake (D:5)
  A black bear (D:6)
  A phantom (D:6)
  A bullfrog (D:7)
  A scorpion (D:6)
  3 killer bees
  2 howler monkeys (D:5)
  2 electric eels
  A hound (D:5)
  2 jellies (D:5)
  3 orc priests
  3 gnoll boudas
  6 orc wizards
  2 iguanas
  Robin (D:2)
  9 gnolls
  5 adders
  A river rat (D:5)
  2 shadow imps
  A white imp (D:6)
  3 dart slugs
  37 orcs
  6 ball pythons
  6 bats
  3 endoplasms
  3 giant cockroaches
  14 goblins
  13 hobgoblins
  5 jackals
  12 kobolds
  5 quokkas
  2 frilled lizards
  7 rats
167 creatures vanquished.

Vanquished Creatures (collateral kills)
  2 killer bees (D:7)
  A howler monkey (D:7)
  An orc wizard (D:7)
  2 iguanas (D:7)
  2 gnolls (D:7)
  5 orcs (D:7)
13 creatures vanquished.

Vanquished Creatures (others)
  9 plants
  2 withered plants (D:3)
11 creatures vanquished.

Grand Total: 191 creatures vanquished

Notes
Turn   | Place    | Note
-------+----------+-------------------------------------------
     0 | D:1      | worthlessgem the Felid Transmuter began the quest for the
                  | Orb.
     0 | D:1      | Reached XP level 1. HP: 9/9 MP: 4/4
   199 | D:1      | Found Leotuj's Jewellery Shop.
   547 | D:1      | Found a faded altar of an unknown god.
   720 | D:1      | Reached XP level 2. HP: 7/12 MP: 4/6
   725 | D:1      | Learned a level 2 spell: Wereblood
  1099 | D:2      | Noticed Robin
  1138 | D:1      | You fall into a shaft and drop 1 floor!
  1504 | D:3      | Reached XP level 3. HP: 12/15 MP: 7/7
  1664 | D:4      | Learned a level 3 spell: Spider Form
  1770 | D:4      | Found a burning altar of Makhleb.
  1793 | D:4      | Found a sparkling altar of Nemelex Xobeh.
  1927 | D:4      | Found a glowing golden altar of the Shining One.
  2014 | D:4      | Reached XP level 4. HP: 16/19 MP: 8/8
  2092 | D:4      | Became a worshipper of Nemelex Xobeh the Trickster
  2138 | D:3      | Found Laopim's Antique Weapon Shoppe.
  2196 | D:3      | Found an ornate altar of the Wu Jian Council.
  2718 | D:3      | Found an ancient bone altar of Kikubaaqudgha.
  3331 | D:2      | Reached * piety under Nemelex Xobeh
  4160 | D:3      | Reached skill level 1 in Poison Magic
  4164 | D:3      | Reached skill level 5 in Unarmed Combat
  4188 | D:3      | Received a gift from Nemelex Xobeh
  4409 | D:3      | Reached XP level 5. HP: 11/22 MP: 5/9
  5613 | D:4      | Found an iron altar of Okawaru.
  6205 | D:2      | Killed Robin
  6489 | D:2      | Gained mutation: You are covered in thick fur. (AC +2)
                  | [Felid growth]
  6489 | D:2      | Reached XP level 6. HP: 24/25 MP: 8/10
  6682 | D:5      | Entered Level 5 of the Dungeon
  6770 | D:5      | Received a gift from Nemelex Xobeh
  6834 | D:5      | Found an opulent altar of Gozag.
  6873 | D:5      | Identified the +5 mace of Temperance {holy, rF- Will+ rCorr
                  | Dex+3}
  7289 | D:4      | Learned a level 4 spell: Ice Form
  7503 | D:5      | Found a transporter.
  7506 | D:5      | Found a transporter.
  7506 | D:5      | Reached ** piety under Nemelex Xobeh
  7816 | D:5      | Noticed Flarelocke's ghost (novice MiFi)
  7853 | D:6      | Found Seottac's Elemental Accessories.
  7865 | D:6      | Found a staircase to the Ecumenical Temple.
  7874 | Temple   | Entered the Ecumenical Temple
  8018 | D:7      | Identified the +2 long sword of Laceration {venom, Int+4
                  | Dex+3}
  8025 | D:7      | Reached skill level 1 in Ice Magic
  8260 | D:6      | Reached XP level 7. HP: 20/29 MP: 11/11
  8391 | D:6      | Found a white marble altar of Elyvilon.
  8394 | D:6      | Found a broken altar of Ashenzari.
  8488 | D:6      | Reached skill level 5 in Transmutations
  8550 | D:6      | Received a gift from Nemelex Xobeh
  8559 | D:6      | Found Siokus's Fire Supplies.
  8590 | D:6      | Noticed a hornet
  8627 | D:5      | Reached skill level 1 in Invocations
  8921 | D:5      | Reached skill level 2 in Invocations
  9138 | D:5      | Reached skill level 3 in Invocations
  9720 | D:5      | Reached skill level 4 in Invocations
  9720 | D:5      | Reached XP level 8. HP: 33/33 MP: 7/12
  9995 | D:5      | Reached skill level 5 in Invocations
 10480 | D:6      | Reached skill level 1 in Stealth
 10480 | D:6      | Reached skill level 6 in Invocations
 10638 | D:6      | HP: 1/39 [hornet (14)]
 10639 | D:6      | Paralysed by a hornet for 2 turns
 10639 | D:6      | Slain by a hornet
 10640 | D:6      | Reached XP level 7. HP: -1/36 MP: 10/12
 10706 | D:6      | Killed a hornet
 11464 | D:7      | Reached XP level 8. HP: 16/34 MP: 9/13
 11475 | D:7      | Reached *** piety under Nemelex Xobeh
 11677 | D:7      | Reached skill level 5 in Dodging
 11912 | D:7      | Killed from afar by an orc wizard
 11913 | D:7      | Reached XP level 7. HP: -1/31 MP: 11/12
 11913 | D:7      | Quit the game

Illustrated notes

Levels and vault maps discovered:
D:1:      amcnicky_arrival_feature_with_door, layout_rooms, serial_shops, shop,
          basic_ecumenical_altar, st_stairs_10
D:2:      layout_basic, uniq_robin
D:3:      layout_loops_corners, mainiacjoe_overflow_boulevard,
          kiku_gazebo_garden_becter, serial_shops, shop_coins, minmay_checkerbox
D:4:      layout_loops_corners, overflow_temple_1_default, lemuel_doored_altar,
          mainiacjoe_overflow_concentric_impassable, nemelex_spade_bored_becter,
          hangedman_abyss_or_decor_stabs, serial_bayou_ford_a
D:5:      cheibrodos_two_vegetables, layout_basic, mainiacjoe_overflow_catwalk,
          gammafunk_ghost_hive
D:6:      layout_layer_cave, nicolae_overflow_squiral, minmay_temple_entry_grid,
          nicolae_elemental_shop, nicolae_shop_fire_sale
          [nicolae_sub_dead_trees], chequers_serial_rivers_micro_a,
          chequers_serial_rivers_small_3, minmay_holes
D:7:      layout_cave_pools, st_stairs_6, minmay_strange_pillars,
          nicolae_shop_overcharged_wands
Temple:   jpeg_temple_clearing

Skill      XL: |  1  2  3  4  5  6  7  8 |
---------------+-------------------------+-----
Unarmed Combat | 4 5 |  5.6
Poison Magic   | 1 2 |  2.0
Transmutations | 3 4 5 |  5.1
Ice Magic      | 2 3 |  3.1
Invocations    | 4 6 |  6.0
Fighting       | 3 2 |  3.8
Dodging        | 4 5 |  5.2
Stealth        | 3 4 |  4.6
Spellcasting   | |  2.5

Action                   |  1- 3 |  4- 6 |  7- 9 || total
-------------------------+-------+-------+-------++-------
Melee: Unarmed           |    71 |   231 |   143 ||   445
       Bite              |     7 |     9 |     1 ||    17
       Headbutt          |     4 |    15 |       ||    19
       Punch             |     2 |     7 |     1 ||    10
 Cast: Beastly Appendage |    16 |    24 |     2 ||    42
       Spider Form       |     1 |    23 |    12 ||    36
       Wereblood         |       |     2 |     2 ||     4
       Ice Form          |       |       |     9 ||     9
Invok: Draw Destruction  |       |     2 |    11 ||    13
       Draw Summoning    |       |     1 |     2 ||     3
       Draw Escape       |       |     1 |       ||     1
 Abil: End Transformatio |       |     4 |       ||     4
  Use: Potion            |     1 |       |     8 ||     9
       Scroll            |       |       |     1 ||     1
 Stab: Sleeping          |     2 |     5 |       ||     7
Armor: Skin              |     2 |    16 |    34 ||    52
Dodge: Dodged            |    51 |   161 |   152 ||   364
